 Dungeon Crawl Stone Soup version 0.21-a0-79-g04744e2 (webtiles) character file.

651324 kuniqs the Peltast (level 27, -28/152 HPs)
             Began as a Vine Stalker Fighter on June 22, 2017.
             Was a High Priest of Uskayaw.
             Killed from afar by a Brimstone Fiend (34 damage)
             ... with damnation
             ... on level 9 of a ziggurat on June 23, 2017.
             The game lasted 02:13:29 (49176 turns).

kuniqs the Peltast (Vine Stalker Fighter)          Turns: 49176, Time: 02:13:31

Health: -28/152    AC: 50    Str: 35    XL:     27
Magic:  0/46       EV: 18    Int:  5    God:    Uskayaw [*****.]
Gold:   2588       SH: 33    Dex: 20    Spells: 26/26 levels left

rFire    + . .     SeeInvis .   l - +7 captain's cutlass {speed, disarm}
rCold    + + .     Gourm    .   A - +8 large shield {rN+}
rNeg     + . .     Faith    +   j - +15 crystal plate armour of Resilience {rElec Int-3 Dex+2}
rPois    .         Spirit   +   (helmet restricted)
rElec    +         Reflect  .   R - +0 cloak {+Inv}
rCorr    .         Harm     .   P - +2 pair of gloves {Str+3}
MR       +++..                  L - +2 pair of boots of Paranoia {*Contam Str+2 Stlth+}
Stlth    ..........             O - amulet of faith
HPRegen  1.15/turn              m - ring of the Leaf {rElec rF+ rC+ MP+9 Slay+2}
MPRegen  0.30/turn              Q - +2 ring of slaying

@: no status effects
A: antennae 1, fangs 3, slimy green scales 1, agile 1, blurry vision 1, cold
resistance 1, regeneration 2, magic shield, antimagic bite, no potion heal 3,
rot immunity
}: 5/15 runes: serpentine, barnacled, slimy, silver, golden
a: Stomp, Line Pass, Grand Finale, Renounce Religion, Evoke Invisibility


You were on level 9 of a ziggurat.
You worshipped Uskayaw.
Uskayaw was most pleased with you.
You were hungry.

You visited 12 branches of the dungeon, and saw 52 of its levels.
You visited 1 bazaar.
You visited 1 ziggurat, and saw 9 of its levels.
You also visited: Labyrinth and Bailey.

You collected 7755 gold pieces.
You spent 5167 gold pieces at shops.

Inventory:

Hand Weapons
 l - the +7 captain's cutlass (weapon) {speed, disarm}
   (You bought it in a shop on level 12 of the Dungeon)

   Attacks with this weapon are significantly faster.
Missiles
 u - 13 throwing nets (quivered)
Armour
 g - the +0 helmet "Qoneem" {rElec Str-2 SInv Stlth+}
   (You bought it in a shop on level 2 of the Orcish Mines)

   It affects your strength (-2).
   It insulates you from electricity.
   It lets you see invisible.
   It makes you more stealthy.
 j - the +15 crystal plate armour of Resilience (worn) {rElec Int-3 Dex+2}
   (You acquired it on level 5 of the Vaults)

   It affects your intelligence (-3).
   It affects your dexterity (+2).
   It insulates you from electricity.
 A - a +8 large shield of positive energy (worn)
 L - the +2 pair of boots of Paranoia (worn) {*Contam Str+2 Stlth+}
   (You acquired it on level 3 of the Vaults)

   It affects your strength (+2).
   It causes magical contamination when unequipped.
   It makes you more stealthy.
 P - a +2 pair of gloves of strength (worn)
 R - a +0 cloak of invisibility (worn)
Jewellery
 m - the ring of the Leaf (left hand) {rElec rF+ rC+ MP+9 Slay+2}
   (You took it off a vault warden on level 5 of the Vaults)

   [ring of protection from fire]

   It affects your accuracy and damage with ranged weapons and melee attacks
   (+2).
   It protects you from fire.
   It protects you from cold.
   It insulates you from electricity.
   It affects your magic capacity (+9).
 p - an uncursed ring of resist corrosion
 I - the ring "Pukeh" {rPois rC+ AC+2 Dex-2}
   (You found it on level 5 of a ziggurat)

   [ring of protection]

   It affects your AC (+2).
   It affects your dexterity (-2).
   It protects you from cold.
   It protects you from poison.
 N - the ring of Devotion {+Fly rC+ rN+ MR+}
   (You found it on level 5 of the Pits of Slime)

   [ring of flight]

   It protects you from cold.
   It protects you from negative energy.
   It affects your resistance to hostile enchantments.
   It lets you fly.
 O - an amulet of faith (around neck)
 Q - a +2 ring of slaying (right hand)
Wands
 o - a wand of acid (7/15)
 t - a wand of digging (2/24)
 C - a wand of paralysis (8/24)
 H - a wand of confusion (12/48)
Scrolls
 b - a scroll of acquirement
 h - 7 scrolls of fear
 n - 3 scrolls of holy word
 q - 10 scrolls of identify {@r1}
 v - 19 scrolls of teleportation
 w - 8 scrolls of magic mapping
 x - 8 scrolls of immolation
 y - 11 scrolls of fog
 E - a scroll of silence
 S - 15 scrolls of remove curse {@r2}
 T - 8 scrolls of recharging
 V - 2 scrolls of summoning
 W - 5 scrolls of blinking
Potions
 a - 9 potions of agility
 i - 19 potions of curing {@q1}
 k - 4 potions of haste
 s - a potion of mutation
 z - 6 potions of flight
 B - 5 potions of might
 J - a potion of resistance
 K - a potion of invisibility
 M - a potion of cancellation
 Z - 3 potions of berserk rage
Miscellaneous
 c - a figurine of a ziggurat
 f - 2 boxes of beasts
 D - a lightning rod (3/4)
 G - a lamp of fire
Comestibles
 d - 27 bread rations
 e - 36 meat rations
 r - 4 royal jellies


   Skills:
 + Level 18.2 Fighting
 - Level 14.0 Short Blades
 + Level 16.8 Armour
 + Level 16.8 Dodging
 - Level 14.0 Stealth
 + Level 19.5 Shields
 + Level 19.0 Invocations
 - Level 10.0 Evocations


You had 26 spell levels left.
You didn't know any spells.

Dungeon Overview and Level Annotations

Branches:
Dungeon (15/15)            Temple (1/1) D:7            Lair (6/6) D:10
 Shoals (4/4) Lair:4        Snake (4/4) Lair:2        Slime (5/5) Lair:5
    Orc (2/2) D:12            Elf (3/3) Orc:2        Vaults (5/5) D:14
  Crypt (3/3) Vaults:3       Tomb (3/3) Crypt:3      Depths (1/5) D:15

Altars:
Ashenzari
Cheibriados
Dithmenos
Elyvilon
Fedhas
Gozag
Hepliaklqana
Kikubaaqudgha
Makhleb
Nemelex Xobeh
Okawaru
Qazlal
Ru
Sif Muna
Trog
Uskayaw
Vehumet
Wu Jian
Xom
Yredelemnul
Zin
The Shining One
Beogh
Jiyva

Shops:
D:8 (   D:10 *   D:12 [(   Orc:2 *(**   Elf:1 *%!%   Elf:3 *   Snake:4 [*?
Vaults:3 (

Portals:
Abyss: Depths:1

Annotations:
D:1 1 exclusion
D:7 1 exclusion
Lair:6 exclusion: 2 oklob plants


Innate Abilities, Weirdness & Mutations

You have razor-sharp teeth.
You heal very quickly.
When hurt, damage is shared between your health and your magic reserves.
Your bite disrupts and absorbs the magic of your enemies.
Potions cannot restore your health.
You are immune to rotting.
You have a pair of small antennae on your head.
You are partially covered in slimy green scales. (AC +2)
You are agile. (Dex +2)
Scrolls take you a little longer to read.
Your flesh is cold resistant. (rC+)


Message History

You block the reaper's attack.
The shadow demon hits you but does no damage.
You block the Brimstone Fiend's attack. x2
The Brimstone Fiend hits you but does no damage.
Your system rejects the healing.
You feel better. You block Bivankiv's attack.
You block the rust devil's attack.
Bivankiv sneers, "Succumb, thou gorbellied earth-vexing dewberry!"
You block Bivankiv's attack. The Brimstone Fiend hits you!
* * * LOW HITPOINT WARNING * * *
You block the Brimstone Fiend's attack.
The Brimstone Fiend hits you but does no damage.
Bivankiv appears confused.
The orange demon appears confused.
You feel somewhat more hungry.
The Tzitzimitl roars!
Bivankiv hits the orange demon!!!
The orange demon stings the shadow demon but does no damage.
The orange demon hits the shadow demon.
The shadow demon looks weaker.
The Brimstone Fiend gestures at you.
The sphere of damnation explodes!
The damnation engulfs you!
You die...

▓▓▓▓▓▓▓▓▓▓▓
▓.........▓
▓.........▓
▓▓▓▓▓▓.........▓▓▓▓▓▓
▓...................▓
▓...................▓
▓.......#1&.#.....))▓
▓........§§......."∩▓
▓∩......§1424..@.)1>▓
▓......§§4§2......?∩▓
▓.......#...#.....?=▓
▓...................▓
▓...................▓
▓▓▓▓▓▓.........▓▓▓▓▓▓
▓.........▓
▓.........▓


You could see Bivankiv (confused), a Hell Sentinel, a Tzitzimitl, a Brimstone
Fiend, a reaper, a shadow demon, an orange demon (confused), a rust devil and a
red devil.

Vanquished Creatures
  the Royal Jelly (Slime:5)
  Mennas (Crypt:3)
  Khufu (Crypt:1)
  The ghost of Apogee the Axe Maniac, a legendary MiBe of the Shining One (Tomb:3)
  An ancient lich (Tomb:3)
  A juggernaut (Zig:5)
  15 greater mummies
  Saint Roka (Snake:4)
  A pandemonium lord (Zig:2)
  A caustic shrike (Zig:8)
  3 golden dragons (Vaults:5)
  A profane servitor (Crypt:3)
  A bone dragon (Crypt:3)
  A Tzitzimitl (Zig:9)
  Rupert (D:13)
  An iron giant (shapeshifter) (Vaults:5)
  8 tentacled monstrosities
  Jorgrun (Snake:3)
  A Hell Sentinel (Zig:8)
  Asterion (Vaults:1)
  4 liches
  7 titans (Vaults:5)
  A deep elf master archer (Elf:3)
  16 acid blobs
  2 deep elf blademasters
  2 quicksilver dragons (Vaults:5)
  An Executioner (Zig:9)
  6 ancient champions
  Gastronok (Lair:1)
  A tentacled starspawn (Zig:6)
  A shadow dragon (Vaults:4)
  Frances (Snake:2)
  6 sphinxes
  Agnes (Elf:1)
  3 large abominations
  2 storm dragons (Vaults:5)
  7 tengu reavers
  6 azure jellies
  4 revenants
  7 frost giants
  The ghost of sergedm the Sorcerer, an adept DECj of Vehumet (Elf:1)
  14 nagarajas
  5 fire giants
  Ilsuiw (Shoals:4)
  10 deep elf sorcerers
  2 orc warlords (Orc:2)
  Aizul (Snake:2)
  17 vault wardens
  17 ghouls
  6 curse skulls
  A balrug (Zig:9)
  A deep elf elementalist (Elf:3)
  10 stone giants
  4 entropy weavers
  8 very ugly things
  14 ironheart preservers
  An ophan (Zig:6)
  4 vampire knights
  A war gargoyle (Zig:8)
  A lorocyproca (Zig:6)
  12 bennus
  10 deep elf annihilators
  7 deep elf demonologists
  A dire elephant (Lair:6)
  The ghost of Ijustatesigmund the Knight, a journeyman OpAs of Okawaru (D:14)
  8 eidola
  Azrael (D:14)
  5 merfolk javelineers (Shoals:4)
  A crystal guardian (Zig:8)
  12 deep elf death magi
  A death ooze (Slime:5)
  4 ettins
  12 merfolk impalers
  Josephine (Shoals:1)
  A quicksilver dragon zombie (Crypt:3)
  A minotaur (Lab)
  26 mummy priests
  8 jiangshi
  11 deep elf high priests
  14 yaktaur captains
  5 great orbs of eyes
  3 ice dragons
  Harold (Lair:1)
  14 naga warriors
  26 vault guards
  5 hydras
  2 two-headed ogres (shapeshifter)
  3 merfolk avatars
  3 alligator snapping turtles (Shoals:4)
  23 anacondas
  Erica (D:8)
  5 centaur warriors
  3 satyrs
  28 dancing weapons
  8 merfolk aquamancers
  10 death knights
  50 two-headed ogres
  10 death yaks
  10 death scarabs
  3 deep troll earth magi
  13 ogre magi
  7 vampire magi
  8 shock serpents
  2 soul eaters (Crypt:2)
  4 orc high priests (Orc:2)
  A thrashing horror (Zig:6)
  An iron golem (Zig:8)
  13 naga sharpshooters
  A titan zombie (Crypt:3)
  Nergalle (Lair:2)
  28 deep elf knights
  37 skeletal warriors
  A fire crab (shapeshifter) (Vaults:4)
  3 salamander mystics
  2 shadow wraiths
  A wretched star (Zig:6)
  4 unseen horrors
  21 sea snakes
  An unseen horror (shapeshifter) (Vaults:1)
  3 small abominations
  2 anaconda zombies
  7 flayed ghosts
  A storm dragon skeleton (Tomb:1)
  A wizard (D:15)
  3 glowing orange brains
  16 deep elf archers
  A shadow dragon zombie (Crypt:3)
  11 deep trolls
  5 naga ritualists
  21 orc knights
  22 phantasmal warriors
  7 harpies
  88 deep elf magi
  14 ironbrand convokers
  A lindwurm (Lair:6)
  5 mana vipers
  8 oklob plants
  2 iron dragon zombies (Crypt:3)
  9 orc sorcerers
  A harpy (shapeshifter) (Vaults:5)
  2 frost giant zombies (Crypt:3)
  35 ugly things
  14 salamanders
  A stone giant zombie (Crypt:3)
  13 manticores
  9 wolf spiders
  2 shining eyes
  10 fauns
  A sphinx skeleton (Crypt:2)
  A moth of wrath (Zig:5)
  8 cyclopes
  7 merfolk sirens
  14 guardian serpents
  An elephant (Lair:6)
  4 water nymphs
  22 black mambas
  A fire giant skeleton (Tomb:2)
  A guardian serpent (shapeshifter) (D:12)
  16 vault sentinels
  2 torpor snails
  4 eyes of devastation
  15 naga magi
  4 centaur zombies
  5 gargoyles
  A spiny frog (shapeshifter) (Vaults:4)
  11 spiny frogs
  A black draconian zombie (Crypt:1)
  A dire elephant skeleton (Crypt:1)
  A yaktaur (shapeshifter) (D:15)
  5 komodo dragons
  48 yaktaurs
  3 catoblepas zombies (Crypt:3)
  A hellion (Zig:2)
  A kobold demonologist (D:15)
  A catoblepas skeleton (Crypt:2)
  A green draconian zombie (Crypt:1)
  13 freezing wraiths
  An ice devil (Tomb:2)
  37 guardian mummies
  A tengu conjurer (Depths:1)
  10 trolls
  A minotaur zombie (Crypt:3)
  A death yak skeleton (Crypt:2)
  12 polar bears
  3 jumping spiders
  A meliai (shapeshifter) (Vaults:4)
  8 blink frogs
  4 raiju (Lair:6)
  3 wind drakes
  2 ice dragon zombies
  3 hornets
  A wind drake (shapeshifter) (Vaults:4)
  4 dream sheep (Shoals:3)
  26 merfolk
  4 human simulacra
  A fire dragon zombie (Crypt:2)
  5 bog bodies
  57 slime creatures
  A fire giant simulacrum (Vaults:3)
  A meliai zombie (D:10)
  3 flying skulls (Tomb:3)
  10 hippogriffs
  7 snapping turtles
  A tarantella (shapeshifter) (D:15)
  A spriggan (shapeshifter) (Vaults:4)
  23 ushabtiu
  An ice dragon skeleton (Tomb:3)
  21 water elementals
  3 shadows
  2 air elementals (Elf:1)
  8 redbacks
  2 vampires
  5 wyverns
  A hog (shapeshifter) (Vaults:4)
  Sigmund (D:3)
  49 yaks
  17 wraiths
  A neqoxec (Zig:6)
  A tarantella (Vaults:4)
  8 golden eyes
  7 fire elementals
  A steam dragon (Lair:3)
  A warg (shapeshifter) (Vaults:5)
  Menkaure (D:4)
  A monstrous demonspawn zombie (Crypt:2)
  A wind drake skeleton (Crypt:1)
  49 nagas
  13 wargs
  2 acid dragons
  17 water moccasins
  16 hell hounds
  4 porcupines
  Duvessa (D:5)
  68 orc warriors
  An ice beast (D:9)
  14 black bears
  3 sky beasts
  A faun skeleton (Crypt:2)
  A swamp dragon zombie (Crypt:3)
  5 eyes of draining
  A snapping turtle zombie (Crypt:3)
  An ettin simulacrum (Vaults:2)
  25 necrophages
  3 phantoms
  13 wolves (Lair:6)
  13 boggarts
  20 centaurs
  A snapping turtle skeleton (Tomb:2)
  36 ogres
  14 crocodiles
  6 big kobolds
  A fire crab zombie (Crypt:1)
  A hog skeleton (Crypt:2)
  An elf zombie (Tomb:3)
  A big kobold (shapeshifter) (Vaults:5)
  A gnoll sergeant (D:9)
  7 bullfrogs
  A wyvern zombie (D:14)
  Dowan (D:5)
  An ogre simulacrum (Vaults:1)
  10 earth elementals
  A komodo dragon skeleton (Crypt:2)
  9 wyvern skeletons (Crypt:3)
  6 scorpions
  A raiju zombie (Crypt:1)
  A troll zombie (Crypt:2)
  6 killer bees (D:10)
  8 wights
  4 electric eels (Snake:2)
  2 howler monkeys
  10 crimson imps
  2 bullfrog zombies
  2 quasits
  6 hounds
  35 orc priests
  2 iguanas
  3 jellies
  10 worker ants
  Terence (D:3)
  22 orc wizards
  Natasha (twice) (D:2)
  A lightning spire (Zig:9)
  A felid zombie (Crypt:2)
  3 hound skeletons
  54 mummies
  Robin (D:2)
  10 gnolls
  A gnoll (shapeshifter) (Vaults:5)
  8 adders
  A howler monkey skeleton (D:9)
  4 shadow imps
  An ooze (D:5)
  An adder zombie (D:9)
  5 worms
  5 dart slugs
  6 leopard geckos
  114 orcs
  3 bats (D:1)
  2 giant cockroaches
  31 goblins
  12 hobgoblins
  2 jackals (D:7)
  A quokka (D:3)
  A ball python (D:3)
  4 frilled lizards
  A hobgoblin zombie (Crypt:2)
  A jackal zombie (D:5)
  33 kobolds
  7 rats
  2 crawling corpses
  A plant (Lair:6)
  3 withered plants (Crypt:3)
2418 creatures vanquished.

Vanquished Creatures (collateral kills)
  An ironheart preserver (Vaults:5)
1 creature vanquished.

Vanquished Creatures (others)
  A salamander (Snake:3)
  10 flying skulls (Tomb:2)
  2 mummies
  3 fungi
  19 plants
  2 starspawn tentacles (Zig:6)
  4 withered plants (Crypt:3)
41 creatures vanquished.

Grand Total: 2460 creatures vanquished

Notes
Turn   | Place    | Note
-------+----------+-------------------------------------------
     0 | D:1      | kuniqs the Vine Stalker Fighter began the quest for the Orb.
     0 | D:1      | Reached XP level 1. HP: 11/11 MP: 2/2
   129 | D:1      | Reached XP level 2. HP: 16/16 MP: 3/3
   485 | D:1      | Reached XP level 3. HP: 19/19 MP: 4/4
   516 | D:1      | OUCH
   945 | D:2      | Noticed Terence
   947 | D:2      | Noticed Robin
  1180 | D:2      | Killed Robin
  1180 | D:2      | Gained mutation: Your natural rate of healing is unusually fast. [Vine Stalker growth]
  1180 | D:2      | Reached XP level 4. HP: 23/23 MP: 5/5
  1229 | D:2      | Noticed Natasha
  1238 | D:2      | Killed Natasha
  1238 | D:2      | Reached skill level 1 in Dodging
  1450 | D:2      | Reached XP level 5. HP: 28/28 MP: 6/6
  1541 | D:2      | Noticed Natasha
  1549 | D:2      | Killed Natasha
  1685 | D:3      | Noticed Sigmund
  1709 | D:3      | Killed Sigmund
  1709 | D:3      | Reached XP level 6. HP: 28/32 MP: 7/7
  2190 | D:3      | Killed Terence
  2587 | D:4      | Reached XP level 7. HP: 36/36 MP: 8/8
  2596 | D:4      | Noticed Menkaure
  2603 | D:4      | Killed Menkaure
  2688 | D:4      | Reached skill level 5 in Shields
  3098 | D:5      | Entered Level 5 of the Dungeon
  3112 | D:5      | Noticed Duvessa
  3112 | D:5      | Noticed Dowan
  3202 | D:5      | Killed Duvessa
  3211 | D:5      | Killed Dowan
  3211 | D:5      | Gained mutation: You have razor-sharp teeth. [Vine Stalker growth]
  3211 | D:5      | Reached XP level 8. HP: 38/42 MP: 7/9
  3217 | D:5      | Gained mutation: You have a pair of small horns on your head. [potion of mutation]
  3217 | D:5      | Lost mutation: You have a pair of small horns on your head. [potion of mutation]
  3217 | D:5      | Gained mutation: You have sharp toenails. [potion of mutation]
  3217 | D:5      | Gained mutation: You can translocate small distances at will. [potion of mutation]
  3527 | D:5      | Found a burning altar of Makhleb.
  4040 | D:6      | Reached XP level 9. HP: 43/46 MP: 10/10
  4237 | D:6      | Found a glowing silver altar of Zin.
  4237 | D:6      | Found an opulent altar of Gozag.
  4686 | D:7      | Reached skill level 5 in Fighting
  4695 | D:7      | Found a staircase to the Ecumenical Temple.
  4716 | Temple   | Entered the Ecumenical Temple
  4891 | D:7      | Reached skill level 5 in Short Blades
  4895 | D:7      | Identified the +8 ring mail "Jefeasit" {rPois Str+5} (You found it on level 7 of the Dungeon)
  5123 | D:7      | Found a bloodstained altar of Trog.
  5308 | D:8      | Noticed a two-headed ogre
  5329 | D:8      | Killed a two-headed ogre
  5329 | D:8      | Reached skill level 5 in Armour
  5336 | D:8      | Found Uniss's Weapon Shop.
  5389 | D:8      | Found an ornate altar of the Wu Jian Council.
  5430 | D:8      | Noticed Erica
  5434 | D:8      | Killed Erica
  5434 | D:8      | Reached XP level 10. HP: 53/53 MP: 11/11
  5898 | D:9      | Identified the +5 ring mail of the Land of Plenty {rF- Str+9 Stlth+} (You found it on level 9 of the Dungeon)
  6488 | D:10     | Entered Level 10 of the Dungeon
  6570 | D:10     | Reached skill level 5 in Dodging
  6571 | D:10     | Found a staircase to the Lair.
  6641 | D:10     | Got a pitted scale mail
  6933 | D:10     | Killed an unseen horror
  7140 | D:10     | Found Iphoskem's Assorted Antiques.
  7150 | D:10     | Bought a scroll labeled LYRYSSESTO for 21 gold pieces
  7278 | D:11     | Noticed a manticore
  7278 | D:11     | Noticed a cyclops
  7399 | D:11     | Killed a manticore
  7399 | D:11     | Reached XP level 11. HP: 52/58 MP: 10/12
  7429 | D:11     | Killed a cyclops
  7472 | D:11     | Noticed a two-headed ogre
  7511 | D:11     | Killed a two-headed ogre
  7545 | D:11     | Identified the cursed +0 scale mail "Fegripni" {rPois rC- MR+++ MP+9 Int-4} (You found it on level 10 of the Dungeon)
  7734 | D:11     | Found a flagged portal.
  7753 | Bailey   | Entered a bailey
  7909 | D:11     | Noticed a brown ugly thing
  7914 | D:11     | Noticed a manticore
  7921 | D:11     | Killed a brown ugly thing
  7927 | D:11     | Killed a manticore
  7927 | D:11     | Reached skill level 10 in Shields
  8042 | D:11     | Got a transparent trident
  8254 | D:4      | Found a hide-covered altar of Uskayaw.
  8262 | D:4      | Became a worshipper of Uskayaw the Reveler
  8263 | D:4      | GRRR
  8387 | Lair:1   | Entered Level 1 of the Lair of Beasts
  8389 | Lair:1   | Reached * piety under Uskayaw
  8415 | Lair:1   | Noticed Gastronok
  8433 | Lair:1   | Reached ** piety under Uskayaw
  8438 | Lair:1   | Reached *** piety under Uskayaw
  8440 | Lair:1   | Killed Gastronok
  8497 | Lair:1   | Gained mutation: You heal very quickly. [Vine Stalker growth]
  8497 | Lair:1   | Reached XP level 12. HP: 53/63 MP: 10/13
  8639 | Lair:1   | Noticed Harold
  8647 | Lair:1   | Killed Harold
  9114 | Lair:2   | Identified the +9 trident of a bazaar {pierce, Str+7} (You found it on level 11 of the Dungeon)
  9230 | Lair:2   | Noticed Nergalle
  9246 | Lair:2   | Reached **** piety under Uskayaw
  9247 | Lair:2   | Killed Nergalle
  9250 | Lair:2   | Reached ***** piety under Uskayaw
  9442 | Lair:2   | Found a staircase to the Snake Pit.
 10097 | Lair:3   | Noticed a four-headed hydra
 10098 | Lair:3   | You fall through a shaft for 2 floors!
 10188 | Lair:4   | Found a labyrinth entrance.
 10197 | Lab      | Entered a labyrinth
 10500 | Lab      | Noticed a minotaur
 10508 | Lab      | Killed a minotaur
 10544 | Lab      | Got a sparkling silver ring
 10546 | Lab      | Identified the ring of Neaviow {-Tele MR+ Str+2 Int+2 Stlth+} (You found it in a labyrinth)
 10937 | Lair:4   | Reached XP level 13. HP: 59/69 MP: 14/14
 10942 | Lair:4   | Reached skill level 1 in Evocations
 11012 | Lair:4   | Found a staircase to the Shoals.
 11023 | Lair:4   | Reached skill level 1 in Invocations
 12525 | Lair:6   | Entered Level 6 of the Lair of Beasts
 12977 | Lair:6   | Reached ****** piety under Uskayaw
 13151 | Lair:6   | Reached XP level 14. HP: 75/75 MP: 18/18
 13248 | Lair:6   | Reached skill level 5 in Evocations
 13309 | Lair:6   | Reached skill level 5 in Invocations
 13432 | Lair:6   | Noticed a dire elephant
 13439 | Lair:6   | Killed a dire elephant
 14305 | D:12     | Found Lunufedd's Antique Armour Shop.
 14338 | D:12     | Found a staircase to the Orcish Mines.
 14497 | D:12     | Bought a pair of dazzling gloves for 247 gold pieces
 14687 | D:12     | Found Sogenoti's Antique Weapon Shop.
 15033 | D:13     | Identified the cursed +0 pair of gloves of Contentment {rN+ MP-9 Int+4} (You bought it in a shop on level 12 of the Dungeon)
 15048 | D:13     | Noticed Rupert
 15052 | D:13     | Paralysed by Rupert for 3 turns
 15065 | D:13     | Killed Rupert
 15827 | D:12     | Bought the +7 captain's cutlass {speed, disarm} for 918 gold pieces
 15898 | D:14     | Noticed Ijustatesigmund's ghost (journeyman OpAs)
 15942 | D:14     | Killed Ijustatesigmund's ghost
 16122 | D:14     | Reached XP level 15. HP: 67/80 MP: 21/21
 16186 | D:14     | Found a gate to the Vaults.
 16395 | D:14     | Found a blossoming altar of Fedhas.
 16446 | D:14     | Noticed Azrael
 16458 | D:14     | Killed Azrael
 16584 | D:15     | Entered Level 15 of the Dungeon
 16650 | Orc:1    | Entered Level 1 of the Orcish Mines
 17028 | Orc:2    | Entered Level 2 of the Orcish Mines
 17369 | Orc:2    | Found Waefu's Assorted Antiques.
 17388 | Orc:2    | Found Woaxuosu's Assorted Antiques.
 17435 | Orc:2    | Found a roughly hewn altar of Beogh.
 17459 | Orc:2    | Noticed an orc warlord
 17478 | Orc:2    | Killed an orc warlord
 17478 | Orc:2    | Reached skill level 10 in Short Blades
 17625 | Orc:2    | Got a pitted ring mail
 17882 | Orc:2    | Found a staircase to the Elven Halls.
 18298 | Orc:2    | Reached skill level 10 in Fighting
 18420 | Orc:2    | Noticed an orc warlord
 18464 | Orc:2    | Killed an orc warlord
 18544 | Orc:2    | Found a roughly hewn altar of Beogh.
 18563 | Orc:2    | Found Wielyi's General Store.
 18733 | Orc:2    | Found Tekhla Raujob's Antique Weapon Emporium.
 18864 | Orc:2    | Bought a slimy helmet for 275 gold pieces
 18864 | Orc:2    | Identified the +0 helmet "Qoneem" {rElec Str-2 SInv Stlth+} (You bought it in a shop on level 2 of the Orcish Mines)
 18865 | Orc:2    | YEY
 18891 | Orc:2    | Identified the +0 ring mail of Wrong Decisions {+Inv rElec rF+} (You found it on level 2 of the Orcish Mines)
 18913 | Orc:2    | Bought a faintly humming chain mail for 342 gold pieces
 18923 | Orc:2    | Identified the +1 chain mail of Wisdom {rC+++} (You bought it in a shop on level 2 of the Orcish Mines)
 19119 | Snake:1  | Entered Level 1 of the Snake Pit
 19272 | Snake:1  | Found a hazy altar of Hepliaklqana.
 19814 | Snake:2  | Noticed Aizul
 19832 | Snake:2  | Killed Aizul
 19832 | Snake:2  | Reached XP level 16. HP: 74/85 MP: 21/23
 20124 | Snake:2  | Identified a scroll of acquirement
 20382 | Snake:2  | Noticed Frances
 20397 | Snake:2  | Killed Frances
 20842 | Snake:3  | Noticed Jorgrun
 20919 | Snake:3  | Killed Jorgrun
 21327 | Snake:3  | Reached skill level 10 in Invocations
 21877 | Snake:4  | Entered Level 4 of the Snake Pit
 21877 | Snake:4  | Noticed a nagaraja
 21993 | Snake:4  | Found Idedat's Antique Armour Emporium.
 21995 | Snake:4  | Found Iwopseq's Assorted Antiques.
 21997 | Snake:4  | Found Doisseul's Magic Scroll Emporium.
 22024 | Snake:4  | Bought a heavily runed chain mail for 370 gold pieces
 22029 | Snake:4  | Bought a scroll labeled DAGONU ROGISH for 34 gold pieces
 22154 | Snake:4  | Killed a nagaraja
 22154 | Snake:4  | Reached XP level 17. HP: 85/90 MP: 23/25
 22194 | Snake:4  | Reached skill level 10 in Evocations
 22213 | Snake:4  | Reached skill level 1 in Stealth
 22218 | Snake:4  | Identified the +8 chain mail of the Guardian {Str-3 Dex+9 Slay+3} (You bought it in a shop on level 4 of the Snake Pit)
 22612 | Snake:4  | Noticed Saint Roka
 22632 | Snake:4  | Killed Saint Roka
 22797 | Snake:4  | Reached skill level 10 in Armour
 22826 | Snake:4  | Reached skill level 10 in Dodging
 23377 | Snake:4  | Reached skill level 5 in Stealth
 23582 | Snake:4  | Reached XP level 18. HP: 50/96 MP: 27/27
 23778 | Snake:4  | Got a serpentine rune of Zot
 24113 | Shoals:1 | Entered Level 1 of the Shoals
 24130 | Shoals:1 | Noticed Josephine
 24151 | Shoals:1 | Killed Josephine
 24332 | Shoals:1 | Got a clouded iron ring
 24774 | Shoals:1 | Identified the ring of Ymoc {*Slow rElec rN+ Int+2 Stlth-} (You found it on level 1 of the Shoals)
 24865 | Shoals:2 | LOCO
 25177 | Shoals:2 | Got a coiled copper ring
 25726 | Shoals:3 | Got a bloodstained large shield
 25791 | Shoals:3 | Identified the +1 large shield "Womaets" {rElec rF+ rC-} (You acquired it on level 3 of the Shoals)
 25832 | Shoals:3 | Identified the ring of Divine Compulsion {rC+ Int+3 Stlth-} (You found it on level 2 of the Shoals)
 26428 | Shoals:4 | Entered Level 4 of the Shoals
 26677 | Shoals:4 | Noticed Ilsuiw
 26700 | Shoals:4 | Killed Ilsuiw
 26926 | Shoals:4 | Reached XP level 19. HP: 101/102 MP: 29/29
 27128 | Shoals:4 | Got a barnacled rune of Zot
 27941 | Vaults:1 | Entered Level 1 of the Vaults
 28036 | Vaults:1 | Found a flickering gateway to a bazaar.
 28051 | Bazaar   | Entered a bazaar
 28068 | Bazaar   | Found Echueg's Assorted Antiques.
 28083 | Bazaar   | Found Tebooh's Jewellery Emporium.
 28098 | Bazaar   | Found Ocsistae's General Store.
 28113 | Bazaar   | Found Oneureulay's Antique Armour Emporium.
 28117 | Bazaar   | Bought a pair of faintly humming gloves for 152 gold pieces
 28117 | Bazaar   | Identified the +1 pair of gloves of the Hippo {+Blink SInv} (You bought it in a shop in a bazaar)
 28197 | Bazaar   | Bought a scroll of fear for 77 gold pieces
 28223 | Bazaar   | Bought a scroll of identify for 22 gold pieces
 28223 | Bazaar   | Bought a scroll of immolation for 38 gold pieces
 28797 | Vaults:1 | Noticed Asterion
 28813 | Vaults:1 | Killed Asterion
 29527 | Vaults:2 | Reached XP level 20. HP: 92/107 MP: 30/30
 29530 | Vaults:2 | Reached skill level 10 in Stealth
 30411 | Vaults:3 | Got a pair of warped boots
 30704 | Vaults:3 | Reached skill level 15 in Shields
 30974 | Vaults:3 | Found a staircase to the Crypt.
 30988 | Crypt:1  | Entered Level 1 of the Crypt
 31130 | Crypt:1  | Noticed a greater mummy
 31131 | Crypt:1  | Noticed Khufu
 31183 | Crypt:1  | Noticed a greater mummy
 31436 | Crypt:1  | Killed a greater mummy
 31440 | Crypt:1  | Killed a greater mummy
 31444 | Crypt:1  | Killed Khufu
 31633 | Crypt:1  | Reached XP level 21. HP: 108/113 MP: 32/32
 32336 | Crypt:2  | Identified the +2 pair of boots of Paranoia {*Contam Str+2 Stlth+} (You acquired it on level 3 of the Vaults)
 32930 | Crypt:3  | Entered Level 3 of the Crypt
 32945 | Crypt:3  | Noticed Mennas
 32968 | Crypt:3  | Killed Mennas
 32998 | Crypt:3  | Got a dazzling large shield
 33338 | Crypt:3  | Found a staircase to the Tomb.
 33954 | Crypt:3  | Found a basalt altar of Yredelemnul.
 34059 | Crypt:3  | Reached XP level 22. HP: 104/119 MP: 33/33
 34109 | Crypt:3  | Noticed a profane servitor
 34118 | Crypt:3  | Killed a profane servitor
 34788 | Vaults:3 | Found Payl's Weapon Shop.
 36491 | Vaults:4 | Reached XP level 23. HP: 125/125 MP: 34/34
 36619 | Vaults:5 | Entered Level 5 of the Vaults
 36723 | Vaults:5 | Got a silver rune of Zot
 36734 | Vaults:5 | Identified the +3 large shield of Ekessemi {rElec} (You took it off Mennas on level 3 of the Crypt)
 36770 | Vaults:5 | Got a dazzling crystal plate armour
 36772 | Vaults:5 | Identified the +15 crystal plate armour of Resilience {rElec Int-3 Dex+2} (You acquired it on level 5 of the Vaults)
 36870 | Vaults:5 | Noticed a golden dragon
 36884 | Vaults:5 | Killed a golden dragon
 36924 | Vaults:5 | Noticed a golden dragon
 36948 | Vaults:5 | Killed a golden dragon
 36951 | Vaults:5 | Reached skill level 15 in Invocations
 37265 | Vaults:5 | Got a scintillating copper ring
 37271 | Vaults:5 | Identified the ring of the Leaf {rElec rF+ rC+ MP+9 Slay+2} (You took it off a vault warden on level 5 of the Vaults)
 37394 | Vaults:5 | Reached skill level 15 in Fighting
 37474 | Vaults:5 | Noticed a golden dragon
 37485 | Vaults:5 | Killed a golden dragon
 37535 | Vaults:5 | Reached XP level 24. HP: 131/131 MP: 35/35
 38898 | Snake:4  | Bought a scroll of magic mapping for 59 gold pieces
 38898 | Snake:4  | Bought a scroll of immolation for 59 gold pieces
 38898 | Snake:4  | Bought a scroll of magic mapping for 59 gold pieces
 38898 | Snake:4  | Bought a scroll of identify for 34 gold pieces
 38898 | Snake:4  | Bought a scroll of identify for 34 gold pieces
 38898 | Snake:4  | Bought a scroll of identify for 34 gold pieces
 38898 | Snake:4  | Bought a scroll of identify for 34 gold pieces
 38898 | Snake:4  | Bought a scroll of recharging for 161 gold pieces
 39121 | D:10     | Bought a scroll of identify for 42 gold pieces
 39233 | Orc:2    | Bought a pair of glowing gloves for 270 gold pieces
 39233 | Orc:2    | Bought a scroll of fog for 72 gold pieces
 39233 | Orc:2    | Bought a potion of haste for 360 gold pieces
 39254 | Orc:2    | Bought a scroll of blinking for 217 gold pieces
 39324 | Elf:1    | Entered Level 1 of the Elven Halls
 39347 | Elf:1    | Found a radiant altar of Vehumet.
 39422 | Elf:1    | Noticed sergedm's ghost (adept DECj)
 39423 | Elf:1    | Killed sergedm's ghost
 39494 | Elf:1    | Noticed Agnes
 39502 | Elf:1    | Killed Agnes
 39570 | Elf:1    | Found Fets's Food Boutique.
 39745 | Elf:1    | Found Rucaol's Food Shop.
 39791 | Elf:1    | Found Wutho's Distillery.
 39795 | Elf:1    | Bought a potion of resistance for 150 gold pieces
 39795 | Elf:1    | Bought a potion of agility for 60 gold pieces
 39795 | Elf:1    | Bought a potion of invisibility for 120 gold pieces
 40032 | Elf:1    | Found Axzori's Assorted Antiques.
 40038 | Elf:1    | Bought a dazzling rapier for 333 gold pieces
 40038 | Elf:1    | Bought a scroll of identify for 74 gold pieces
 40038 | Elf:1    | Bought a scroll of identify for 74 gold pieces
 40048 | Elf:1    | Identified the cursed +0 rapier "Isogattiobe" {pierce, *Slow rElec rPois Dex+4} (You bought it in a shop on level 1 of the Elven Halls)
 40052 | Elf:1    | Bought a wand of acid (?/15) for 296 gold pieces
 40052 | Elf:1    | Bought a scroll of magic mapping for 129 gold pieces
 40689 | Elf:2    | Found a runed gate.
 40689 | Elf:2    | Found a runed gate.
 40689 | Elf:2    | Found a runed gate.
 40873 | Elf:2    | Reached XP level 25. HP: 137/137 MP: 36/36
 41233 | Elf:3    | Entered Level 3 of the Elven Halls
 41240 | Elf:3    | Found Qurhyu Ugee's General Store.
 41762 | Elf:3    | Reached skill level 15 in Armour
 41819 | Elf:3    | Got a steaming turquoise ring
 41822 | Elf:3    | Identified the ring of Deph {rElec MR+ Str+2 SInv} (You took it off a deep elf annihilator on level 3 of the Elven Halls)
 41855 | Elf:3    | Got a twitching glass ring
 41856 | Elf:3    | Identified the ring of Ecirras {rPois rC- MP-9 Int+3 Stlth-} (You found it on level 3 of the Elven Halls)
 41859 | Elf:3    | Identified the Tome of the First Souls
 42130 | Elf:3    | Reached skill level 15 in Dodging
 42773 | Lair:5   | Found a staircase to the Slime Pits.
 42820 | Slime:1  | Entered Level 1 of the Pits of Slime
 43234 | Slime:5  | Entered Level 5 of the Pits of Slime
 43320 | Slime:5  | Noticed the Royal Jelly
 43321 | Slime:5  | Found a viscous altar of Jiyva.
 43336 | Slime:5  | Killed the Royal Jelly
 43336 | Slime:5  | Reached XP level 26. HP: 144/144 MP: 36/36
 43616 | Slime:5  | Got a scintillating bronze ring
 43617 | Slime:5  | Identified the ring of Devotion {+Fly rC+ rN+ MR+} (You found it on level 5 of the Pits of Slime)
 43687 | Slime:5  | Got a slimy rune of Zot
 44261 | Tomb:1   | Entered Level 1 of the Tomb of the Ancients
 44577 | Tomb:1   | Noticed a greater mummy
 44580 | Tomb:1   | Killed a greater mummy
 44731 | Tomb:2   | Noticed a greater mummy
 44731 | Tomb:2   | Noticed a greater mummy
 44734 | Tomb:2   | Noticed a greater mummy
 44742 | Tomb:2   | Killed a greater mummy
 44892 | Tomb:2   | Noticed a greater mummy
 44903 | Tomb:2   | Killed a greater mummy
 45021 | Tomb:2   | Killed a greater mummy
 45114 | Tomb:2   | Killed a greater mummy
 45257 | Tomb:2   | Lost intelligence.
 46103 | D:15     | Found a staircase to the Depths.
 46562 | Depths:1 | Entered Level 1 of the Depths
 46562 | Depths:1 | Found a one-way gate to the infinite horrors of the Abyss.
 46728 | Depths:1 | Reached XP level 27. HP: 150/150 MP: 37/37
 47285 | Tomb:3   | Entered Level 3 of the Tomb of the Ancients
 47440 | Tomb:3   | Noticed a greater mummy
 47440 | Tomb:3   | Noticed a greater mummy
 47462 | Tomb:3   | Noticed a greater mummy
 47467 | Tomb:3   | Killed a greater mummy
 47470 | Tomb:3   | Gained mutation: You are frail. (-10% HP) [mutagenic glow]
 47473 | Tomb:3   | Noticed a greater mummy
 47477 | Tomb:3   | Killed a greater mummy
 47543 | Tomb:2   | Gained mutation: Your magical capacity is low. (-10% MP) [mutagenic glow]
 47544 | Tomb:2   | Lost mutation: You have sharp toenails. [potion of mutation]
 47544 | Tomb:2   | Lost mutation: You are frail. (-10% HP) [potion of mutation]
 47544 | Tomb:2   | Lost mutation: Your magical capacity is low. (-10% MP) [potion of mutation]
 47544 | Tomb:2   | Lost mutation: You can translocate small distances at will. [potion of mutation]
 47544 | Tomb:2   | Gained mutation: You are occasionally teleported next to monsters. [potion of mutation]
 47544 | Tomb:2   | Gained mutation: Armour fits poorly on your strangely shaped body. [potion of mutation]
 47544 | Tomb:2   | Gained mutation: Your muscles are strong. (Str +2) [potion of mutation]
 47545 | Tomb:2   | Lost mutation: Armour fits poorly on your strangely shaped body. [potion of mutation]
 47545 | Tomb:2   | Lost mutation: You are occasionally teleported next to monsters. [potion of mutation]
 47545 | Tomb:2   | Lost mutation: Your muscles are strong. (Str +2) [potion of mutation]
 47545 | Tomb:2   | Gained mutation: You are frail. (-10% HP) [potion of mutation]
 47545 | Tomb:2   | Gained mutation: You have large cloven feet. [potion of mutation]
 47546 | Tomb:2   | Lost mutation: You are frail. (-10% HP) [potion of mutation]
 47546 | Tomb:2   | Lost mutation: You have large cloven feet. [potion of mutation]
 47546 | Tomb:2   | Gained mutation: You have an increased reservoir of magic. (+10% MP) [potion of mutation]
 47546 | Tomb:2   | Gained mutation: You are partially covered in yellow scales. (AC +2) [potion of mutation]
 47546 | Tomb:2   | Gained mutation: You have a pair of small antennae on your head. [potion of mutation]
 47636 | Tomb:3   | Killed a greater mummy
 47644 | Tomb:3   | Killed a greater mummy
 47877 | Tomb:3   | Identified the +8 plate armour of Moral Flaws {rF- Dex+5} (You found it on level 3 of the Tomb of the Ancients)
 47887 | Tomb:3   | Noticed a greater mummy
 47888 | Tomb:3   | Identified the ring "Pixosa" {rN+ MR+ MP+9} (You found it on level 3 of the Tomb of the Ancients)
 47901 | Tomb:3   | Killed a greater mummy
 47972 | Tomb:3   | Noticed Apogee's ghost (legendary MiBe)
 47980 | Tomb:3   | Noticed a greater mummy
 47982 | Tomb:3   | Noticed a greater mummy
 47991 | Tomb:3   | Noticed a greater mummy
 48001 | Tomb:3   | Killed a greater mummy
 48003 | Tomb:3   | Killed a greater mummy
 48028 | Tomb:3   | Killed a greater mummy
 48029 | Tomb:3   | Killed Apogee's ghost
 48059 | Tomb:3   | Noticed an ancient lich
 48108 | Tomb:3   | Killed an ancient lich
 48145 | Tomb:3   | Got a golden rune of Zot
 48610 | Depths:1 | Lost mutation: You are partially covered in yellow scales. (AC +2) [potion of mutation]
 48610 | Depths:1 | Lost mutation: You have an increased reservoir of magic. (+10% MP) [potion of mutation]
 48610 | Depths:1 | Gained mutation: Scrolls take you a little longer to read. [potion of mutation]
 48610 | Depths:1 | Gained mutation: Your mind is acute. (Int +2) [potion of mutation]
 48610 | Depths:1 | Gained mutation: You are weak. (Str -2) [potion of mutation]
 48610 | Depths:1 | Gained mutation: You are partially covered in slimy green scales. (AC +2) [potion of mutation]
 48611 | Depths:1 | Lost mutation: You are weak. (Str -2) [potion of mutation]
 48611 | Depths:1 | Lost mutation: Your mind is acute. (Int +2) [potion of mutation]
 48611 | Depths:1 | Gained mutation: You are agile. (Dex +2) [potion of mutation]
 48611 | Depths:1 | Gained mutation: Your flesh is cold resistant. (rC+) [potion of mutation]
 48688 | Depths:1 | Found a runed door.
 48770 | Depths:1 | Found a gateway to a ziggurat.
 48786 | Zig:1    | Entered Level 1 of a ziggurat
 48822 | Zig:2    | Entered Level 2 of a ziggurat
 48823 | Zig:2    | Noticed Cairhau the pandemonium lord
 48835 | Zig:2    | Killed Cairhau the pandemonium lord
 48854 | Zig:3    | Entered Level 3 of a ziggurat
 48892 | Zig:4    | Entered Level 4 of a ziggurat
 48923 | Zig:5    | Entered Level 5 of a ziggurat
 48927 | Zig:5    | Noticed a juggernaut
 48945 | Zig:5    | Killed a juggernaut
 48969 | Zig:5    | Got a heavily runed golden ring
 48972 | Zig:5    | Identified the ring "Pukeh" {rPois rC+ AC+2 Dex-2} (You found it on level 5 of a ziggurat)
 48978 | Zig:6    | Entered Level 6 of a ziggurat
 49022 | Zig:7    | Entered Level 7 of a ziggurat
 49073 | Zig:8    | Entered Level 8 of a ziggurat
 49131 | Zig:9    | Entered Level 9 of a ziggurat
 49142 | Zig:9    | Noticed Bivankiv the pandemonium lord
 49175 | Zig:9    | HP: 5/152 [Brimstone Fiend (6)]
 49176 | Zig:9    | Killed from afar by a Brimstone Fiend

Vault maps used:
D:1:      sevenhm_arrival_forest_fort_large_2, lemuel_flame_loot_1
D:2:      uniq_natasha, uniq_terence, uniq_robin
D:3:      uniq_sigmund
D:4:      nicolae_overflow_hidden_temple, uniq_menkaure
D:5:      corexii_shack_village, makhleb_grotto_becter, first_bread,
          uniq_duvessa
D:6:      grunt_temple_overflow_gold_and_silver
D:7:      kennysheep_steamy, lemuel_crystal_altar, minmay_temple_entry_trees,
          grunt_ogre_cave
D:8:      lemuel_doored_altar, serial_shops, nicolae_shop_waterfront,
          roderic_bali_sauvastika, hangedman_decor_lopped, uniq_erica
D:10:     lair_entry_dummy, serial_shops, nicolae_shop_crystal
D:11:     enter_bailey_3, serial_bayou_pond_d
D:12:     orc_0_dummy, serial_shops, nicolae_shop_waterfront,
          kennysheep_mini_moat
D:13:     kennysheep_nub, uniq_rupert
D:14:     erik_vaults_1, fedhas_altar_4, uniq_azrael
D:15:     grunt_enter_depths_giant_problem, serial_park_avenue1
Temple:   compressed_dpeg_circular_temple
Lair:1:   uniq_harold, uniq_gastronok
Lair:2:   minmay_snake_entry_guardpost_small, uniq_nergalle
Lair:4:   minmay_shoals_entry_hut, lab_entry_generic, roderic_carrion_pond,
          lemuel_fruit_fields
Lair:5:   minmay_slime_entry_oklob_enclosed
Lair:6:   hangedman_lair_caniforms_friends, minmay_stone_trees_medium,
          minmay_lair_oklob_chamber, wad_woods_river_01
Shoals:1: cheibrodos_shoals_three_sisters,
          nicolae_shoals_water_elemental_grotto, uniq_josephine
Shoals:2: nicolae_shoals_this_corrosion
Shoals:3: yaktaur_hedge
Shoals:4: shoals_end_grunt_ice, shoal_ilsuiw
Snake:1:  basic_altar
Snake:2:  uniq_aizul, uniq_frances
Snake:3:  uniq_jorgrun
Snake:4:  grunt_snake_rune_serpentine_throne, stair_cage_cross,
          hangedman_snake_thin_pillar_pass, grunt_ministairs_10,
          minmay_shop_star, uniq_saint_roka
Orc:1:    mines2_lemuel
Orc:2:    pubby_orc_utopia
Elf:1:    eino_elf_arrival_altar, serial_shops, shop, nicolae_shop_waterfront,
          shop, nicolae_shop_crystal, minivault_28, guppyfry_library_mini,
          uniq_agnes
Elf:2:    serial_sigils, serial_sigils_hangedman_confine,
          serial_sigils_hangedman_leer, kennysheep_underground_church
Elf:3:    nooodl_elf_gasket, serial_shops, shop, grunt_ministairs_6,
          nicolae_elf_w_pinch, due_unseen_surprise
Vaults:1: vaults_room_door_ring, hangedman_vaults_capsules, v_misc_9, st_lines,
          grunt_vaults_hallway_short, vaults_room_door_ring,
          vaults_room_door_ring, vaults_mumra_lcd, vaults_mumra_chevron_long,
          vaults_room_octagon, vaults_room_boxed, vaults_mumra_hex,
          vaults_room_stairs_pillars, vaults_room_hallway, serial_shops,
          bzr_entry_islet, uniq_asterion
Vaults:2: grunt_vaults_diagonal, serial_ice_g, hangedman_vaults_snaps,
          ontoclasm_vaults_loading_screen, v_misc_32, v_misc_27,
          nicolae_vaults_network_star
Vaults:3: minmay_crypt_entry_simple_round, dpeg_vaults_monster_box,
          vaults_standard_mumra_x, v_alt_pattern_1, nicolae_vaults_alarming,
          v_alt_pattern_4, hangedman_vaults_nails, ontoclasm_vaults_idyll,
          serial_shops, nicolae_shop_crystal
Vaults:4: v_alt_pattern_1, hangedman_vaults_restitches,
          ontoclasm_vaults_claustrophobia, ontoclasm_vaults_gateway,
          vaults_room_grid, nicolae_vaults_little_ls, hangedman_vaults_nodes,
          vaults_room_corners, v_pattern_5, ontoclasm_vaults_misaligned,
          ontoclasm_vaults_loading_screen, vaults_room_glass_cross,
          hangedman_vaults_restitches, vaults_room_fours,
          ontoclasm_vaults_decontamination, vaults_room_semicircle
Crypt:1:  uniq_khufu
Crypt:2:  serial_sigils_hangedman_scar
Crypt:3:  evilmike_haunted_forest, uniq_mennas
Depths:1: enter_ziggurat_d, abyss_entry, minmay_misc_feat_alley,
          grunt_hell_entry_dis_old, minmay_stone_trees_small,
          serial_bayou_pond_b, spider_trap, kennysheep_treasure_room
Zig:8:    ziggurat_pillar_centre_smoke
Lab:      labyrinth_fake_exit, nicolae_lab_t_cross
Bazaar:   bazaar_long_row
Bailey:   bailey_axe_2, bailey

Skill      XL: |  1  2  3  4  5  6  7  8  9 10 11 12 13 14 15 16 17 18 19 20 21 22 23 24 25 26 27 |
---------------+----------------------------------------------------------------------------------+-----
Shields        | 3 4 5 6 8 9 10 11 12 13 14 15 16 17 18 19 | 19.5
Short Blades   | 2 3 4 5 6 7 8 9 10 11 12 13 14 | 14.0
Fighting       | 3 4 5 6 7 8 9 10 11 12 13 14 15 16 17 18 | 18.2
Dodging        | 1 2 3 4 5 6 7 8 9 10 11 12 13 14 15 16 | 16.8
Armour         | 3 4 5 6 7 8 9 10 11 12 13 14 15 16 | 16.8
Evocations     | 4 6 8 9 10 | 10.0
Invocations    | 4 7 8 10 11 12 13 14 15 16 17 18 19 | 19.0
Stealth        | 5 8 9 11 12 14 | 14.0

Action                   |  1- 3 |  4- 6 |  7- 9 | 10-12 | 13-15 | 16-18 | 19-21 | 22-24 | 25-27 || total
-------------------------+-------+-------+-------+-------+-------+-------+-------+-------+-------++-------
Melee: Rapier            |    44 |       |       |       |       |       |       |       |       ||    44
       Bite              |    19 |    30 |   104 |   234 |   576 |   583 |   774 |   769 |   992 ||  4081
       Dagger            |    28 |   126 |   289 |   594 |   736 |       |       |       |       ||  1773
       Kick              |       |       |    85 |   254 |   249 |       |       |       |       ||   588
       Cutlass           |       |       |       |       |   605 |  1229 |  1294 |  1401 |  1756 ||  6285
Throw: Throwing net      |       |       |       |       |     1 |     2 |       |       |     1 ||     4
Invok: Line Pass         |       |       |       |     1 |     6 |     7 |     2 |     3 |    10 ||    29
       Grand Finale      |       |       |       |       |     1 |     1 |     4 |     7 |     8 ||    21
Evoke: Wand              |       |       |     1 |     9 |    12 |    19 |    14 |     5 |     2 ||    62
       Sack of spiders   |       |       |       |       |     1 |       |       |       |       ||     1
       Lamp of fire      |       |       |       |       |       |       |     1 |       |       ||     1
       Lightning rod     |       |       |       |       |       |       |       |       |     1 ||     1
  Use: Scroll            |       |     2 |     7 |    12 |    12 |    12 |    10 |    17 |    25 ||    97
       Potion            |       |       |     5 |     4 |     2 |     3 |     1 |     2 |    18 ||    35
 Stab: Confused          |       |       |       |     5 |       |     1 |       |       |     1 ||     7
       Paralysed         |       |       |       |     9 |    78 |   107 |   135 |    95 |   153 ||   577
       Held in net/web   |       |       |       |       |     1 |     5 |       |       |       ||     6
       Sleeping          |       |       |       |       |     2 |     1 |    21 |    11 |       ||    35
       Distracted        |       |       |       |       |       |     2 |     7 |     5 |       ||    14
  Eat: Chunk             |     1 |     4 |    10 |    18 |    27 |    25 |    16 |    18 |     6 ||   125
       Royal jelly       |       |       |       |       |     2 |     1 |     1 |       |    15 ||    19
       Fruit             |       |       |       |       |       |       |    20 |     5 |       ||    25
Armor: Scale mail        |    18 |    14 |       |       |       |       |       |       |       ||    32
       Plate armour      |       |    19 |    69 |       |       |       |       |       |       ||    88
       Skin              |       |       |    13 |       |       |       |       |       |       ||    13
       Ring mail         |       |       |     8 |   102 |   188 |    51 |       |       |       ||   349
       Chain mail        |       |       |       |       |       |   148 |   132 |    53 |       ||   333
       Crystal plate arm |       |       |       |       |       |       |       |   132 |   363 ||   495
Dodge: Dodged            |    12 |    21 |    43 |   211 |   405 |   304 |   185 |   151 |   287 ||  1619
Block: Shield            |    17 |    38 |   129 |   277 |   599 |    12 |       |       |       ||  1072
       Large shield      |       |       |       |       |       |   818 |   613 |   762 |  1599 ||  3792
